 Dungeon Sprint DCSS version 0.27-a0-1219-g958d993ae5 (webtiles) character file.

Game seed: 12899683445718606544

129 mhtbhm the Magician (level 4, -3/21 HPs)
             Began as a Spriggan Earth Elementalist on June 6, 2021.
             Slain by an ice beast (9 damage)
             ... in the Dungeon (Sprint IX: "|||||||||||||||||||||||||||||").
             The game lasted 00:00:43 (78 turns).

mhtbhm the Magician (Spriggan Earth Elementalist)     Turns: 78, Time: 00:00:44

Health: -3/21      AC:  2    Str:  4    XL:     4   Next: 88%
Magic:  12/14      EV: 19    Int: 17    God:
Gold:   0          SH:  0    Dex: 15    Spells: 16/17 levels left

rFire    . . .     SeeInvis +   a - +0 short sword
rCold    . . .     Faith    .   (shield restricted)
rNeg     . . .     Spirit   .   c - +0 robe
rPois    .         Reflect  .   (helmet restricted)
rElec    .         Harm     .   (no cloak)
rCorr    .         Rampage  .   (gloves unavailable)
Will     .....     NoTele   +   (boots unavailable)
Stlth    +++.......             (no amulet)
HPRegen  0.07/turn              (no ring)
MPRegen  0.14/turn              (no ring)

@: very quick
A: very small, no large weapons, unfitting armour, see invisible, speed 3
a: no special abilities


You were in the Dungeon.
You visited 1 branch

Inventory:

Hand Weapons
 a - a +0 short sword (weapon)
Missiles
 b - 13 stones
Armour
 c - a +0 robe (worn)
Scrolls
 i - a scroll of blinking
Potions
 d - a potion of curing
 e - a potion of heal wounds
 f - a potion of haste
 h - a potion of berserk rage


   Skills:
 + Level 4.7 Dodging
 + Level 5.0 Stealth
 + Level 7.0 Spellcasting
 + Level 1.8 Transmutations
 + Level 6.9 Earth Magic


You had 16 spell levels left.
You knew the following spells:

 Your Spells              Type           Power      Damage    Failure   Level
a - Sandblast             Erth           58%        2d13      1%          1

Your spell library contained the following spells:

 Spells                   Type           Power      Damage    Failure   Level
 Passwall                 Tmut/Erth      16%        N/A       3%          2
 Stone Arrow              Conj/Erth      34%        3d9       9%          3
 Petrify                  Tmut/Erth      20%        N/A       19%         4
 Lee's Rapid Deconstruct  Erth           14%        3d10*     19%         5


Dungeon Overview and Level Annotations

Branches:
Dungeon (1/1)

Altars:


Innate Abilities, Weirdness & Mutations

You are very small and have problems with some larger weapons.
You are too small for most types of armour.
You have supernaturally acute eyesight. (SInv)
You cover ground extremely quickly. (Speed+++)


Message History

Aim: a howler monkey (severely wounded, 78% to hit)
The blast of sand hits the howler monkey!
You kill the howler monkey!
Your Stealth skill increases to level 5!
Your Spellcasting skill increases to level 7!
Unknown command.
You see here a goblin corpse.
Things that are here:
a +0 club; a goblin corpse Magic courses through your body.
Casting: Sandblast (safe; 1% risk of failure)
Confirm with . or Enter, or press ? or * to list all spells.
Aiming: Sandblast (safe; 1% risk of failure)
Press: ? - help, Shift-Dir - straight line, f - ice beast
Aim: an ice beast (moderately wounded, 81% to hit)
The blast of sand hits the ice beast!
The ice beast is heavily wounded.
The ice beast misses you.
Unknown command.
Casting: Sandblast (safe; 1% risk of failure)
Confirm with . or Enter, or press ? or * to list all spells.
Aiming: Sandblast (safe; 1% risk of failure)
Press: ? - help, Shift-Dir - straight line, f/p - ice beast
Aim: an ice beast (heavily wounded, 81% to hit)
The blast of sand hits the ice beast!
The ice beast is almost dead.
The ice beast hits you. The ice beast freezes you!
Unknown command.
Unknown command.
Casting: Sandblast (safe; 1% risk of failure)
Confirm with . or Enter, or press ? or * to list all spells.
Aiming: Sandblast (safe; 1% risk of failure)
Press: ? - help, Shift-Dir - straight line, f/p - ice beast
Aim: an ice beast (almost dead, 81% to hit)
The blast of sand hits the ice beast.
The ice beast is almost dead.
The ice beast hits you.
* * * LOW HITPOINT WARNING * * *
The ice beast freezes you!
You die...

▓▓▓
▓<▓
▓@▓
▓Y▓
▓S▓
▓Z▓
▓†▓
▓)▓
▓.▓
▓.▓
▓.▓


You could see an ice beast, an adder and a giant cockroach zombie.

Vanquished Creatures
  An ogre (D)
  A howler monkey (D)
  3 goblins (D)
  2 kobolds (D)
7 creatures vanquished.

Notes
Turn   | Place    | Note
-------+----------+-------------------------------------------
     0 | D        | mhtbhm the Spriggan Earth Elementalist began the quest for
                  | the Orb.
     0 | D        | Reached XP level 1. HP: 9/9 MP: 5/5
     6 | D        | Reached skill level 3 in Spellcasting
    57 | D        | Noticed an ogre
    57 | D        | Noticed a howler monkey
    57 | D        | Noticed an ice beast
    65 | D        | Killed an ogre
    66 | D        | Reached skill level 6 in Spellcasting
    66 | D        | Reached XP level 2. HP: 13/13 MP: 2/10
    66 | D        | Reached XP level 3. HP: 16/16 MP: 2/11
    66 | D        | Reached XP level 4. HP: 21/21 MP: 2/13
    73 | D        | Reached skill level 5 in Stealth
    73 | D        | Reached skill level 7 in Spellcasting
    78 | D        | Slain by an ice beast

Illustrated notes

Levels and vault maps discovered:
D:        linesprint [early_d, line_temple, items_1, d_10, items_2, lair_1,
          lair_end, items_3, orc_1, orc_end, items_4, d_15, swamp_1, shoals_1,
          snake_1, spider_1, d_20, vaults_1, items_5, swamp_end, shoals_end,
          snake_end, spider_end, vaults_end, d_27, items_6, zot_1, zot_end,
          crypt_end, forest_end, elf_end, slime_end, tomb_end, abyss_end,
          pan_hell_end]

Skill      XL: |  1  2  3  4 |
---------------+-------------+-----
Spellcasting   | 6 7 |  7.0
Earth Magic    | 6 |  6.9
Dodging        | 4 |  4.7
Stealth        | 4 5 |  5.0
Transmutations | |  1.8

Action                   |  1- 3 |  4- 6 || total
-------------------------+-------+-------++-------
 Cast: Sandblast         |    11 |     6 ||    17
  Use: Potion            |     1 |     1 ||     2
Dodge: Dodged            |     1 |     2 ||     3

Table legend: (Time is in decaauts)
 A = Elapsed time spent in this place.
 B = Non-inter-level travel time spent in this place.
 C = Inter-level travel time spent in this place.
 D = Time resting spent in this place.
 E = Time spent auto-exploring this place.
 F = Levels seen in this place.
 G = Mean time per level.
                   A        B        C        D        E       F      G
               +--------+--------+--------+--------+--------+-----+--------+
         Total |     66 |     66 |      0 |     26 |      1 |   1 |   66.0 |
       Dungeon |     66 |     66 |      0 |     26 |      1 |   1 |   66.0 |
               +--------+--------+--------+--------+--------+-----+--------+

Top non-repeatable levels by time:
       D: 66 daAuts
